AoeStats
← |GaoeG| flamingo

Black Forest

508289539Analyzed
4v4 RM · 10d ago on Sep 21, 2026· 75m 56s· 8 players
Game mode
Random Map
Map size
Large (8 player)
Population
200
Speed
Normal
Resources
Standard
Victory
Conquest
Starting age
Dark Age
Ending age
Imperial Age
RankedLock teamsTeams togetherTeam positionsShared explorationLock speedFull tech treeHidden civsTurbo modeCheats
Victory
Defeat
🇩🇪 Dravidians · Germany
1271
+18
🇩🇪 Franks · Germany
1262
+18
🇵🇱 Bulgarians · Poland
1259
+18
🇬🇧 Bengalis · United Kingdom
1255
+18
🇪🇸 Sicilians · Spain
1333
-18
🇫🇮 Slavs · Finland
1304
-18
🇪🇸 Malians · Spain
1298
-18
🇩🇪 Chinese · Germany
1293
-18
4♚Dreams
0:34 Loom
14:21 Feudal Age
14:44 Horse Collar
14:52 Double-Bit Axe
21:35 Castle Age
23:46 Wheelbarrow
25:11 Stone Mining
25:11 Gold Mining
27:02 Bow Saw
29:36 Hand Cart
29:39 Heavy Plow
30:33 Town Watch
34:04 Imperial Age
31:55 Heated Shot
33:09 Forging
33:00 Scale Mail Armor
33:05 Scale Barding Armor
33:13 Fortified Wall
33:23 Ballistics
33:39 Town Patrol
34:36 Gold Shaft Mining
34:42 Stone Shaft Mining
36:08 Iron Casting
35:49 Chain Mail Armor
35:24 Fletching
35:35 Padded Archer Armor
35:56 Chain Barding Armor
37:02 Two-Man Saw
40:04 Blast Furnace
39:35 Plate Mail Armor
39:00 Bodkin Arrow
39:20 Leather Archer Armor
38:32 Man-at-Arms
38:58 Arson
39:16 Squires
39:18 Long Swordsman
40:13 Two-Handed Swordsman
41:34 Conscription
41:18 Great Wall
41:39 Rocketry
42:19 Husbandry
42:29 Bloodlines
41:40 Light Cavalry
43:20 Plate Barding Armor
43:50 Chemistry
44:33 Bombard Tower
44:28 Elite Chu Ko Nu
47:09 Ring Archer Armor
46:39 Bracer
53:02 Heavy Scorpion
53:03 Heavy Rocket Cart
53:52 Capped Ram
55:03 Caravan
59:53 Pikeman
65:34 Coinage
|GaoeG| flamingo
1:14 Loom
12:35 Feudal Age
13:25 Town Watch
17:16 Castle Age
15:07 Double-Bit Axe
15:07 Horse Collar
16:01 Bloodlines
18:20 Husbandry
18:38 Scale Barding Armor
23:06 Chain Barding Armor
22:37 Light Cavalry
32:52 Gold Mining
34:46 Wheelbarrow
36:42 Gold Shaft Mining
36:30 Bow Saw
39:29 Imperial Age
38:40 Stone Mining
39:03 Forging
39:37 Hand Cart
40:56 Plate Barding Armor
40:57 Iron Casting
40:10 Cavalier
42:16 Stone Shaft Mining
42:52 Heavy Camel Rider
45:01 Farimba
45:21 Conscription
48:10 Town Patrol
53:33 Fletching
53:44 Padded Archer Armor
58:59 Fortified Wall
66:40 Caravan
|GaoeG| Tifus
0:37 Loom
12:35 Feudal Age
16:37 Castle Age
15:47 Double-Bit Axe
15:45 Horse Collar
16:01 Gold Mining
27:35 Wheelbarrow
27:26 Heavy Plow
27:37 Bow Saw
29:42 Gambesons
29:42 Arson
30:00 Squires
30:05 Scale Mail Armor
30:15 Forging
30:10 Scale Barding Armor
33:51 Imperial Age
31:40 Husbandry
31:01 Light Cavalry
32:07 Bloodlines
33:38 Gold Shaft Mining
34:25 Hand Cart
33:54 Cavalier
34:54 Hauberk
37:17 Iron Casting
38:00 Chain Barding Armor
40:02 Plate Barding Armor
41:50 Blast Furnace
40:38 Light Cavalry
42:55 Fletching
47:33 Caravan
49:19 First Crusade
48:47 Elite Serjeant
49:31 Scale Mail Armor
50:47 Chain Mail Armor
51:01 Onager
53:20 Siege Engineers
57:39 Siege Onager
59:35 Chemistry
63:06 Heavy Scorpion
67:09 Ballistics
engarvi
0:41 Loom
20:17 Feudal Age
21:10 Double-Bit Axe
21:08 Man-at-Arms
24:14 Wheelbarrow
24:56 Gold Mining
25:15 Town Watch
28:22 Castle Age
27:03 Horse Collar
28:56 Scale Mail Armor
29:38 Bow Saw
32:45 Forging
33:59 Gold Shaft Mining
33:40 Scale Barding Armor
34:30 Bloodlines
36:35 Chain Barding Armor
36:43 Husbandry
38:45 Stone Mining
42:02 Imperial Age
39:34 Heavy Plow
43:07 Conscription
43:11 Elite Boyar
46:29 Hand Cart
46:41 Fortified Wall
46:20 Pikeman
47:52 Chain Mail Armor
47:42 Druzhina
47:58 Squires
47:39 Halberdier
50:08 Plate Mail Armor
51:17 Iron Casting
50:58 Masonry
51:58 Long Swordsman
53:49 Blast Furnace
52:36 Two-Handed Swordsman
53:24 Champion
53:32 Champion
55:43 Siege Engineers
56:18 Detinets
56:08 Capped Ram
56:16 Onager
58:45 Crop Rotation
59:17 Two-Man Saw
58:20 Siege Ram
60:01 Caravan
59:56 Siege Onager
63:02 Coinage
65:44 Chemistry
64:41 Murder Holes
64:39 Fletching
68:48 Ballistics
72:57 Bodkin Arrow
Faebs
9:01 Loom
12:38 Feudal Age
14:14 Wheelbarrow
14:18 Double-Bit Axe
17:14 Castle Age
20:35 Fletching
22:56 Bodkin Arrow
27:51 Town Watch
34:28 Fervor
40:12 Imperial Age
37:45 Scale Mail Armor
37:56 Forging
38:11 Squires
37:57 Arson
39:47 Chain Mail Armor
40:07 Iron Casting
40:04 Caravan
40:35 Coinage
41:46 Conscription
41:50 #83
41:31 Chivalry
40:52 Elite Throwing Axeman
43:11 Blast Furnace
43:32 Banking
43:12 Husbandry
43:59 Hoardings
45:03 Plate Mail Armor
44:38 Scale Barding Armor
45:54 Ballistics
45:45 Masonry
46:22 Chain Barding Armor
45:24 Cavalier
46:50 Hand Cart
46:30 Paladin
47:55 Gold Mining
48:57 Plate Barding Armor
49:06 Stone Mining
49:37 Bow Saw
50:55 Gold Shaft Mining
67:19 Light Cavalry
71:50 Chemistry
71:21 Architecture
70:47 Murder Holes
70:58 Siege Engineers
North Star
1:04 Loom
21:40 Feudal Age
22:09 Double-Bit Axe
23:00 Wheelbarrow
23:40 Town Watch
27:12 Horse Collar
29:54 Fletching
33:20 Castle Age
32:48 Gold Mining
34:26 Bodkin Arrow
44:54 Hand Cart
45:19 Bow Saw
45:42 Ballistics
49:11 Imperial Age
47:33 Heavy Plow
51:31 Two-Man Saw
51:02 Sanctity
50:55 Fervor
52:03 Block Printing
52:26 Caravan
52:45 Bracer
52:45 Padded Archer Armor
53:51 Illumination
53:36 Redemption
54:41 Treadmill Crane
55:40 Crop Rotation
55:57 Theocracy
56:59 Town Patrol
57:16 Leather Archer Armor
57:48 Guilds
59:03 Ring Archer Armor
59:54 Husbandry
60:04 Bloodlines
60:38 Murder Holes
60:54 Masonry
61:46 Chemistry
63:21 Architecture
62:23 Elite Elephant Archer
64:13 Conscription
65:43 Mahayana
65:31 Paiks
65:58 Siege Engineers
68:11 Elite Skirmisher
SmoothCriminal
0:53 Loom
11:39 Feudal Age
15:20 Castle Age
13:22 Double-Bit Axe
13:49 Horse Collar
16:44 Bow Saw
16:36 Heavy Plow
27:17 Wheelbarrow
28:46 Stone Mining
28:50 Gold Mining
34:26 Imperial Age
32:12 Hand Cart
32:49 Fletching
32:59 Padded Archer Armor
34:00 Ballistics
33:51 Masonry
33:42 Town Watch
35:04 Bodkin Arrow
35:25 Leather Archer Armor
35:43 Thumb Ring
34:59 Elite Elephant Archer
35:43 Bracer
36:47 Chemistry
36:23 Town Patrol
37:28 Two-Man Saw
37:04 Ring Archer Armor
36:41 Scale Barding Armor
36:39 Husbandry
38:09 Conscription
38:02 Medical Corps
38:34 Hoardings
38:14 Murder Holes
38:29 Fortified Wall
38:06 Arrowslits
38:50 Chain Barding Armor
41:47 Scale Mail Armor
41:57 Forging
41:09 Pikeman
41:50 Squires
41:35 Arson
41:36 Gambesons
44:17 Halberdier
46:18 Chain Mail Armor
46:38 Iron Casting
48:18 Plate Mail Armor
48:48 Blast Furnace
52:30 Siege Elephant
61:24 Caravan
Czotyn
4:10 Loom
10:22 Feudal Age
14:01 Castle Age
12:01 Double-Bit Axe
15:43 Horse Collar
22:28 Bow Saw
23:45 Forging
23:41 Scale Barding Armor
27:19 Wheelbarrow
27:44 Iron Casting
27:30 Chain Barding Armor
27:16 Stone Mining
27:52 Bloodlines
27:42 Husbandry
33:24 Imperial Age
33:14 Gold Mining
33:59 Stone Shaft Mining
33:29 Heavy Plow
33:49 Hand Cart
34:03 Caravan
34:27 Elite Konnik
36:14 Blast Furnace
36:03 Plate Barding Armor
36:59 Conscription
36:38 Stirrups
42:26 Devotion
54:24 Coinage
58:38 Banking
Connection lost

Rejoining the realm…

Still unreachable

The connection could not be restored.

Session expired

The server has moved on; the page needs a fresh start.